 Dungeon Crawl Stone Soup version 0.31-a0-233-g139696dc86 (webtiles) character file.

Game seed: 8627018309581618987

21 qw the Shooter (level 2, 0/24 HPs)
             Began as a Minotaur Hexslinger on July 9, 2023.
             Slain by a gnoll
             ... wielding a +0 spear
              (4 damage)
             ... on level 1 of the Dungeon.
             The game lasted 00:00:11 (604 turns).

qw the Shooter (Minotaur Hexslinger)                 Turns: 604, Time: 00:00:12

Health: 0/24       AC:  2    Str: 12    XL:     2   Next: 62%
Magic:  2/2        EV: 12    Int: 10    God:
Gold:   35         SH:  0    Dex: 12    Spells: 2/3 levels left

rFire   . . .        a - +1 sling
rCold   . . .        (no shield)
rNeg    . . .        c - +0 robe
rPois   .            (helmet restricted)
rElec   .            (no cloak)
rCorr   .            (no gloves)
SInv    .            (no boots)
Will    .....        (no amulet)
Stlth   +            (no ring)
HPRegen 0.24/turn    (no ring)
MPRegen 0.08/turn

%: no passive effects
@: no status effects
A: horns 2, retaliatory headbutt
a: no special abilities


You were on level 1 of the Dungeon.
You visited 1 branch of the dungeon, and saw 1 of its levels.

You collected 35 gold pieces.


Innate Abilities, Weirdness & Mutations

You have a pair of horns on your head.
You reflexively headbutt those who attack you in melee.


   Skills:
 - Level 2.0 Fighting
 + Level 3.2 Ranged Weapons
 - Level 2.1 Dodging
 - Level 1.0 Spellcasting
 - Level 2.0 Hexes


You had 2 spell levels left.
You knew the following spells:

 Your Spells              Type           Power      Damage    Failure   Level
a - Slow                  Hex            16%        N/A       16%         1

Your spell library contained the following spells:

 Spells                   Type           Power      Damage    Failure   Level
 Inner Flame              Hex/Fire       2%         N/A       56%         3
 Portal Projectile        Hex/Tloc       4%         N/A       56%         3
 Cause Fear               Hex            2%         N/A       83%         4

Inventory:

Hand Weapons
 a - a +1 sling (weapon)
Armour
 c - a +0 robe (worn)
 e - a +0 leather armour
Jewellery
 f - an amulet of the acrobat
Scrolls
 b - a scroll of poison
Potions
 d - a potion of cancellation {unknown}
 g - a potion of heal wounds {unknown}
 h - a potion of lignification {unknown}

Dungeon Overview and Level Annotations

Branches:
Dungeon (1/15)

Altars:

Annotations:
D:1 exclusion: gnoll


Message History

Enter note:
Enter note:
Enter note: You open the door.
There is an open door here.
You open the door.
There is an open door here.
h - a dark potion
Enter note:
Enter note:
Enter note:
Enter note: You open the door.
A gnoll comes into view. It is wielding a +0 spear.
Enter note:
Enter note:
Enter note:
Enter note: You shoot a sling bullet.
The sling bullet hits the gnoll but does no damage.
The gnoll shouts!
The gnoll hits you from afar with a +0 spear.
You shoot a sling bullet. The sling bullet hits the gnoll.
The gnoll is moderately wounded.
The gnoll hits you from afar with a +0 spear!
Enter note:
Enter note:
Enter note:
Enter note:
601 ||| UPGRADING to +0 leather armour.
The gnoll barely misses you.
You start removing your armour.
You continue taking off your +0 robe.
The gnoll hits you from afar with a +0 spear!
You stop removing your armour.
603 ||| UPGRADING to +0 leather armour.
The gnoll hits you but does no damage.
You stop removing your armour.
604 ||| UPGRADING to +0 leather armour.
The gnoll hits you from afar with a +0 spear.
You stop removing your armour.
You die...

.#
#.#......)...####.....####..
.# #.#..#######.#
#........... .# #.#..# ..
#.# #........... .#
#.#..#.#. #.# #...........
.# #.#..#.... #.#
#....###+#.. .#
#.#####...##.####....##.....
'#####.#
.....................
.......#
#######.................
.......#
.....g'@.............>..
......[#
#######...............##
.......# #............####
.......# #............#
######## #............#
#............#
#............#
#............# .........#


You could see a gnoll.

Vanquished Creatures
  5 ball pythons (D:1)
  2 endoplasms (D:1)
  A goblin (D:1)
  4 hobgoblins (D:1)
  A kobold (D:1)
  2 quokkas (D:1)
  2 frilled lizards (D:1)
  A rat (D:1)
18 creatures vanquished.

Notes
Turn   | Place    | Note
-------+----------+-------------------------------------------
     0 | D:1      | qw the Minotaur Hexslinger began the quest for the Orb.
     0 | D:1      | Reached XP level 1. HP: 16/16 MP: 1/1
     0 | D:1      | 0 ||| qw: Version: 0.3-a-51-g015441d
     0 | D:1      | 0 ||| qw: Game counter: 4037
     0 | D:1      | 0 ||| qw: Melee chars always use a shield: true
     0 | D:1      | 0 ||| qw: God list: Okawaru
     0 | D:1      | 0 ||| qw: Allow faded altars: false
     0 | D:1      | 0 ||| qw: Do Orc after clearing Dungeon:15 true
     0 | D:1      | 0 ||| qw: Do second Lair branch before Depths: true
     0 | D:1      | 0 ||| qw: Lair rune preference: random
     0 | D:1      | 0 ||| qw: Goals: Normal
     0 | D:1      | 0 ||| PLANNING D:1-11
   175 | D:1      | Reached skill level 3 in Ranged Weapons
   222 | D:1      | Reached XP level 2. HP: 23/23 MP: 2/2
   601 | D:1      | 601 ||| UPGRADING to +0 leather armour.
   602 | D:1      | HP: 3/24 [gnoll/+0 spear (9)]
   603 | D:1      | 603 ||| UPGRADING to +0 leather armour.
   604 | D:1      | 604 ||| UPGRADING to +0 leather armour.
   604 | D:1      | Slain by a gnoll

Levels and vault maps discovered:
D:1:      dpeg_arrival_rhombus, layout_basic, minmay_statues_item

Skill      XL: |  1  2 |
---------------+-------+-----
Ranged Weapons | 3 |  3.2
Fighting       | 2 |  2.0
Dodging        | |  2.1
Spellcasting   | |  1.0
Hexes          | |  2.0

Action                     || total
---------------------------++-------
   Fire: Sling             ||    45
 Armour: Robe              ||     1
  Dodge: Dodged            ||     5

Table legend:
 A = Non-vault XP
 B = Vault XP
 C = Vault XP percentage of total XP
 D = Non-vault monster count
 E = Vault monster count
 F = Vault count percentage of total count
                 A         B        C        D         E       F
            +---------+---------+-------+---------+---------+-------
      Total |      30 |       0 |   0.0 |      18 |       0 |   0.0
            +---------+---------+-------+---------+---------+-------
        D:1 |      30 |       0 |   0.0 |      18 |       0 |   0.0
            +---------+---------+-------+---------+---------+-------
